[ AOE2 MATCH · #502785884 ]
UnrankedMongols vs Teutons
[ REPLAY ANALYSIS · EXTRACTED FROM THE RECORDED GAME ]
Feudal
—
Castle
—
Imperial
—
| APM avg | 46.0 |
| APM peak | 61 |
| eAPM avg | 13.9 |
| Villagers / military | 23 / 0 |
Focus
⚔️ 5.3% · 🌾 94.7%
Feudal
—
Castle
—
Imperial
—
| APM avg | 39.0 |
| APM peak | 90 |
| eAPM avg | 13.4 |
| Villagers / military | 30 / 0 |
Focus
⚔️ 27.7% · 🌾 72.3%
Feudal
—
Castle
—
Imperial
—
| APM avg | 28.3 |
| APM peak | 45 |
| eAPM avg | 10.8 |
| Villagers / military | 22 / 0 |
Focus
⚔️ 12.3% · 🌾 87.7%
Feudal
—
Castle
—
Imperial
—
| APM avg | 52.2 |
| APM peak | 91 |
| eAPM avg | 15.9 |
| Villagers / military | 19 / 0 |
Focus
⚔️ 18.5% · 🌾 81.5%
Feudal
—
Castle
—
Imperial
—
| APM avg | 50.8 |
| APM peak | 86 |
| eAPM avg | 17.2 |
| Villagers / military | 23 / 0 |
Focus
⚔️ 11.1% · 🌾 88.9%
Feudal
—
Castle
—
Imperial
—
| APM avg | 37.1 |
| APM peak | 66 |
| eAPM avg | 10.1 |
| Villagers / military | 28 / 0 |
Focus
⚔️ 11.5% · 🌾 88.5%
Feudal
—
Castle
—
Imperial
—
| APM avg | 41.2 |
| APM peak | 69 |
| eAPM avg | 14.7 |
| Villagers / military | 38 / 0 |
Focus
⚔️ 13.1% · 🌾 86.9%
Feudal
—
Castle
—
Imperial
—
| APM avg | 0.4 |
| APM peak | 2 |
| eAPM avg | 0.4 |
| Villagers / military | 0 / 0 |
Match map
Initial resources + every placement click. Lines = walls · curves = elevation contours. ◆ gold · ⬟ stone · ● berries · ✦ relic · ◌ wall gap
Your base
AlxSanmiguel's base
Vicent 90's base
ElChan108's base
carlos__federico's base
Elkin Pro1662's base
Fencer_Khan's base
Crane's base
Smoothed initial terrain · ◌ = detected wall gap · hover for details
Inputs per minute
— Don Gato Turbo - - AlxSanmiguel
Build order — Don Gato Turbo
36 actions detected in the replay
| 0:02 | Queue | Villager (Male) |
| 0:02 | Queue | Villager (Male) |
| 0:02 | Queue | Villager (Male) |
| 0:03 | Queue | Villager (Male) |
| 0:04 | Build | House |
| 0:06 | Build | House |
| 1:25 | Queue | Villager (Male) |
| 1:25 | Queue | Villager (Male) |
| 2:09 | Queue | Villager (Male) |
| 2:09 | Queue | Villager (Male) |
| 2:09 | Queue | Villager (Male) |
| 2:30 | Queue | Villager (Male) |
| 2:30 | Queue | Villager (Male) |
| 3:05 | Queue | Villager (Male) |
| 3:05 | Queue | Villager (Male) |
| 3:06 | Queue | Villager (Male) |
| 3:10 | Build | Lumber Camp |
| 3:36 | Queue | Villager (Male) |
| 3:36 | Queue | Villager (Male) |
| 3:36 | Queue | Villager (Male) |
| 3:57 | Queue | Villager (Male) |
| 3:57 | Queue | Villager (Male) |
| 4:13 | Build | House |
| 4:14 | Build | House |
| 4:23 | Queue | Villager (Male) |
| 4:23 | Queue | Villager (Male) |
| 4:45 | Build | Mill |
| 5:01 | Build | Palisade Wall |
| 5:24 | Queue | Villager (Male) |
| 5:24 | Queue | Villager (Male) |
| 5:59 | Research | Loom |
| 7:01 | Build | Barracks |
| 7:05 | Research | Feudal Age |
| 7:49 | Build | House |
| 7:51 | Build | House |
| 7:52 | Build | Palisade Wall |
Build order — AlxSanmiguel
36 actions detected in the replay
| 0:02 | Queue | Villager (Male) |
| 0:02 | Queue | Villager (Male) |
| 0:02 | Queue | Villager (Male) |
| 0:02 | Queue | Villager (Male) |
| 1:22 | Queue | Villager (Male) |
| 1:22 | Queue | Villager (Male) |
| 1:34 | Queue | Villager (Male) |
| 1:34 | Queue | Villager (Male) |
| 1:34 | Queue | Villager (Male) |
| 1:57 | Build | Lumber Camp |
| 2:00 | Queue | Villager (Male) |
| 2:00 | Queue | Villager (Male) |
| 2:00 | Queue | Villager (Male) |
| 2:25 | Research | Loom |
| 2:39 | Queue | Villager (Male) |
| 3:06 | Queue | Villager (Male) |
| 3:06 | Queue | Villager (Male) |
| 3:06 | Queue | Villager (Male) |
| 3:27 | Queue | Villager (Male) |
| 3:27 | Queue | Villager (Male) |
| 3:27 | Queue | Villager (Male) |
| 4:05 | Queue | Villager (Male) |
| 4:05 | Queue | Villager (Male) |
| 4:17 | Queue | Villager (Male) |
| 4:17 | Queue | Villager (Male) |
| 4:17 | Queue | Villager (Male) |
| 4:49 | Queue | Villager (Male) |
| 4:51 | Queue | Villager (Male) |
| 5:05 | Build | Mill |
| 5:24 | Queue | Villager (Male) |
| 5:49 | Queue | Villager (Male) |
| 5:56 | Queue | Villager (Male) |
| 6:02 | Research | Loom |
| 7:15 | Research | Feudal Age |
| 7:23 | Build | Lumber Camp |
| 7:32 | Queue | Villager (Male) |
Build order — Vicent 90
28 actions detected in the replay
| 0:02 | Queue | Villager (Male) ×4 |
| 0:04 | Build | House |
| 0:06 | Build | House |
| 1:31 | Queue | Villager (Male) |
| 1:31 | Queue | Villager (Male) |
| 2:03 | Queue | Villager (Male) |
| 2:03 | Queue | Villager (Male) |
| 2:03 | Queue | Villager (Male) |
| 2:13 | Build | Lumber Camp |
| 2:23 | Queue | Villager (Male) |
| 2:24 | Queue | Villager (Male) |
| 2:54 | Research | Loom |
| 3:19 | Queue | Villager (Male) |
| 3:19 | Queue | Villager (Male) |
| 3:19 | Queue | Villager (Male) |
| 4:00 | Build | House |
| 4:07 | Queue | Villager (Male) |
| 4:07 | Queue | Villager (Male) |
| 4:42 | Queue | Villager (Male) |
| 4:42 | Queue | Villager (Male) |
| 4:43 | Queue | Villager (Male) |
| 4:50 | Build | Mill |
| 5:46 | Queue | Villager (Male) |
| 5:47 | Queue | Villager (Male) |
| 5:47 | Queue | Villager (Male) |
| 6:55 | Build | House |
| 7:15 | Research | Feudal Age |
| 7:16 | Research | Feudal Age |
Build order — ElChan108
24 actions detected in the replay
| 0:00 | Queue | Villager (Male) ×4 |
| 0:02 | Build | House |
| 0:02 | Build | House |
| 0:05 | Build | House |
| 1:26 | Queue | Villager (Male) |
| 1:55 | Queue | Villager (Male) |
| 1:55 | Queue | Villager (Male) |
| 2:14 | Build | Lumber Camp |
| 2:29 | Queue | Villager (Male) |
| 3:04 | Queue | Villager (Male) |
| 3:16 | Queue | Villager (Male) |
| 3:16 | Queue | Villager (Male) |
| 3:40 | Queue | Villager (Male) |
| 4:09 | Queue | Villager (Male) ×2 |
| 4:10 | Queue | Villager (Male) ×2 |
| 4:39 | Queue | Villager (Male) |
| 4:55 | Queue | Villager (Male) |
| 5:37 | Queue | Villager (Male) |
| 5:42 | Build | Barracks |
| 5:50 | Build | House |
| 6:16 | Research | Loom |
| 6:59 | Research | Feudal Age |
| 7:06 | Build | Mining Camp |
| 8:14 | Build | Mill |
Build order — carlos__federico
33 actions detected in the replay
| 0:01 | Queue | Villager (Male) |
| 0:01 | Queue | Villager (Male) |
| 0:01 | Queue | Villager (Male) |
| 0:02 | Queue | Villager (Male) |
| 0:02 | Queue | Villager (Male) |
| 0:02 | Queue | Villager (Male) |
| 1:23 | Queue | Villager (Male) |
| 1:52 | Queue | Villager (Male) |
| 2:23 | Queue | Villager (Male) |
| 2:23 | Queue | Villager (Male) |
| 2:28 | Build | Lumber Camp |
| 2:52 | Queue | Villager (Male) |
| 2:52 | Queue | Villager (Male) |
| 3:18 | Queue | Villager (Male) |
| 3:19 | Queue | Villager (Male) |
| 4:22 | Queue | Villager (Male) |
| 4:22 | Queue | Villager (Male) |
| 4:23 | Queue | Villager (Male) |
| 4:47 | Build | Mill |
| 5:12 | Queue | Villager (Male) |
| 5:22 | Queue | Villager (Male) |
| 5:23 | Queue | Villager (Male) |
| 6:04 | Queue | Villager (Male) |
| 6:06 | Build | Farm |
| 6:13 | Build | Farm |
| 6:23 | Queue | Villager (Male) |
| 6:27 | Queue | Villager (Male) |
| 6:47 | Research | Loom |
| 7:12 | Build | Farm |
| 7:32 | Research | Feudal Age |
| 7:33 | Research | Feudal Age |
| 7:50 | Build | Palisade Wall |
| 7:54 | Build | Palisade Wall |
Build order — Elkin Pro1662
22 actions detected in the replay
| 0:05 | Build | House |
| 0:07 | Queue | Villager (Male) ×4 |
| 0:07 | Queue | Villager (Male) ×4 |
| 0:11 | Build | House |
| 1:50 | Queue | Villager (Male) |
| 1:50 | Queue | Villager (Male) |
| 2:14 | Research | Loom |
| 2:14 | Research | Loom |
| 2:51 | Queue | Villager (Male) ×3 |
| 2:51 | Queue | Villager (Male) ×3 |
| 3:53 | Queue | Villager (Male) |
| 3:59 | Build | House |
| 4:00 | Build | House |
| 4:03 | Build | House |
| 4:37 | Queue | Villager (Male) ×2 |
| 5:16 | Build | Lumber Camp |
| 5:34 | Queue | Villager (Male) ×5 |
| 5:35 | Queue | Villager (Male) |
| 5:35 | Queue | Villager (Male) |
| 6:05 | Queue | Villager (Male) |
| 6:05 | Queue | Villager (Male) |
| 7:22 | Build | Mill |
Build order — Fencer_Khan
45 actions detected in the replay
| 0:01 | Queue | Villager (Male) |
| 0:01 | Queue | Villager (Male) |
| 0:01 | Queue | Villager (Male) |
| 0:03 | Build | House |
| 0:06 | Build | House |
| 0:45 | Queue | Villager (Male) |
| 0:45 | Queue | Villager (Male) |
| 1:24 | Queue | Villager (Male) |
| 1:24 | Queue | Villager (Male) |
| 1:54 | Build | Lumber Camp |
| 2:05 | Queue | Villager (Male) |
| 2:06 | Queue | Villager (Male) |
| 2:06 | Queue | Villager (Male) |
| 2:27 | Queue | Villager (Male) |
| 2:28 | Queue | Villager (Male) |
| 2:56 | Queue | Villager (Male) |
| 2:56 | Queue | Villager (Male) |
| 2:56 | Queue | Villager (Male) |
| 3:23 | Queue | Villager (Male) |
| 3:23 | Queue | Villager (Male) |
| 3:34 | Build | Mill |
| 3:42 | Queue | Villager (Male) |
| 3:42 | Queue | Villager (Male) |
| 3:54 | Build | House |
| 3:56 | Queue | Villager (Male) |
| 3:56 | Queue | Villager (Male) |
| 4:38 | Queue | Villager (Male) |
| 4:39 | Queue | Villager (Male) |
| 5:02 | Queue | Villager (Male) |
| 5:02 | Queue | Villager (Male) |
| 5:29 | Queue | Villager (Male) |
| 5:30 | Queue | Villager (Male) |
| 5:30 | Queue | Villager (Male) |
| 6:00 | Queue | Villager (Male) |
| 6:01 | Queue | Villager (Male) |
| 6:01 | Queue | Villager (Male) |
| 6:18 | Build | Mill |
| 6:41 | Build | House |
| 6:57 | Queue | Villager (Male) |
| 6:58 | Queue | Villager (Male) |
| 6:58 | Queue | Villager (Male) |
| 7:06 | Queue | Villager (Male) |
| 7:06 | Queue | Villager (Male) |
| 7:41 | Queue | Villager (Male) |
| 7:42 | Queue | Villager (Male) |
Build order — Crane
0 actions detected in the replay
Match timeline
| 5:01 | Don Gato Turbo · wall_segment Palisade Wall x1 |
| 5:42 | ElChan108 · first_building Barracks |
| 7:01 | Don Gato Turbo · first_building Barracks |
| 7:50 | carlos__federico · wall_segment Palisade Wall x5 |
| 7:52 | Don Gato Turbo · wall_segment Palisade Wall x5 |
| 7:53 | Crane · resign |
| 7:54 | carlos__federico · wall_segment Palisade Wall x8 |
[ AI ANALYSIS · 1 CREDIT ]
What really happened in this match?
Wolo.gg analyzes every decision: build order, eco, micro, common mistakes by bracket. Personalized analysis on WhatsApp or Discord in 30 seconds.
Civ guide
Mongols
Perfil
3DIQ | Mr. Cat Turbo